[Event "*** Titled Tuesday Blitz"]
[Site "Chess.com"]
[Date "2020.12.01"]
[Round "2"]
[White "SHIVACalypso"]
[Black "Roza_Idrisova"]
[Result "0-1"]
[WhiteElo "2384"]
[BlackElo "2169"]
[TimeControl "180+1"]
[EndTime "10:19:23 PST"]
[Termination "Roza_Idrisova won by resignation"]

1. Nf3 d5 2. c4 c6 3. d4 Nf6 4.
Nc3 a6 5. e3 b5 6. b3 Bg4 7. h3 Bh5 8. Bd3 e6 9. O-O Be7 10. Bd2 O-O 11. Rc1 Nbd7 12. Be2 b4 13. Na4 Ne4 14. c5 a5 15. Ra1 Bf6 16. a3 bxa3 17.
Rxa3 Qc7 18. Qc2 e5 19. Nc3 Bg6 20. Bd3 Nxd2 21. Nxd2 exd4 22. exd4 Bxd4 23. Bxg6 hxg6 24. Na4 Qf4 25. Nf3 Bf6 26. Nb6 Ra7 27. Nxd7 Rxd7 28. Rxa5 Qb4 29. Ra4 Qb5 30. Rb1 Re8 31. b4 Re2 32.
Qb3 Rb7 33. Ra8+ Kh7 34. Qd1 Re4 35. Rc8 Rxb4 36. Rxb4 Qxb4 37. Rxc6 Qe4 38. Nd2 Qd3 39. Rb6 Rc7 40. Rb3 Qd4 41. Qe2 Rxc5 42. Rd3 Rc1+ 43. Kh2 Qe5+ 44. Qxe5 Bxe5+ 45. g3 d4 46. Nf3 Bf6 47.
Nxd4 Ra1 48. Nf3 Ra2 49. Kg2 g5 50. g4 Kg6 51. Rd5 Rb2 52. Nd4 Rd2 53. Rd7 Rxd4 54.
Rb7 Be5 55. Rb3 f6 56. Rf3 Rd2 57. Re3 Bd4 58. Rf3 Kf7 59. Kg3 g6 60. Kg2 Ke6 61. Kg3 Kd5 62. Kg2 Ke4 63. Kg3 Rd3 64. Rxd3 Kxd3 65.
Kf3 Be5 66. Kg2 Ke4 67. Kg1 Kf3 68. Kf1 Bd4 69. Kg1 Bxf2+ 70. Kf1 Bh4 71. Kg1 Kg3 72. Kh1 Kxh3 73. Kg1 Kxg4 74. Kh1 Kf3 75. Kh2 Bg3+ 76. Kh1 Be5 77. Kg1 Kg3 78. Kh1 f5 79.
Kg1 f4 80. Kh1 f3 81. Kg1 f2+ 82. Kf1 Bd6 83. Ke2 Kg2 0-1

[Event "*** Titled Tuesday Blitz"]
[Site "Chess.com"]
[Date "2020.12.01"]
[Round "2"]
[White "Gerodot71"]
[Black "frederiksvane"]
[Result "0-1"]
[WhiteElo "2479"]
[BlackElo "2723"]
[TimeControl "180+1"]
[EndTime "10:19:25 PST"]
[Termination "frederiksvane won by resignation"]

1. d4 Nf6 2. c4 e6 3. Nf3 b6 4. a3 Bb7 5. Bf4 d5 6. Nc3 Be7 7. e3 O-O 8. cxd5 Nxd5 9. Bg3 c5 10. Be2 Nc6 11. O-O cxd4 12. exd4 Rc8 13. Rc1 Qd7 14. Re1 Nxc3 15. Rxc3 Rfd8 16. Bb5 a6 17. Ba4 b5 18. Bc2 b4 19. Rd3 bxa3 20. bxa3 Qd5 21. Qe2 Na5 22. Bb1 Qh5 23. Qd2 Nc4 24. Qf4 Bd5 25. Ne5 Nxe5 26. Rxe5 Qh6 27. Qxh6 gxh6 28. Re1 Bd6 29. h3 Bxg3 30. Rxg3+ Kh8 31. Be4 Rc4 32.
Bxd5 Rxd5 33. Rf3 Kg7 34. Rb1 Rcxd4 35. Rb6 Rd6 36. Rb7 Rd7 37. Rb6 Ra4 38. Rb8 h5 39.
Rb6 Re7 40. Rc6 Rd7 41. Rb3 h4 42. Rbb6 Rxa3 43. Rxa6 Rxa6 44. Rxa6 Rd4 45. Ra3 Kg6 46. Rf3 h5 47. g3 hxg3 48. Rxg3+ Kf6 49. Kg2 Rd5 50.
Rf3+ Rf5 51. Ra3 Kg5 52. Kg3 h4+ 53. Kg2 Rd5 54. Ra4 f5 55. Kf3 e5 56. Ra8 Rd3+ 57.
Kg2 Rd6 58. Rg8+ Rg6 59. Re8 Kf4+ 60. Kf1 e4 61. Ra8 Rb6 62. Kg2 Rg6+ 63. Kf1 Rd6 64.
Kg2 Rd2 65. Ra3 Rd3 66. Ra5 Rb3 67. Rc5 Rb2 68. Kf1 Rd2 69. Ra5 Kf3 70. Ra3+ Rd3 71. Ra1 f4 72. Kg1 e3 73. fxe3 fxe3 74. Rf1+ Ke2 75. Re1+ Kxe1 0-1

[Event "*** Titled Tuesday Blitz"]
[Site "Chess.com"]
[Date "2020.12.01"]
[Round "2"]
[White "FMOlexandrProhorov"]
[Black "Ermito2020"]
[Result "1/2-1/2"]
[WhiteElo "2201"]
[BlackElo "2594"]
[TimeControl "180+1"]
[EndTime "10:19:26 PST"]
[Termination "Game drawn - insufficient material"]

1. e4 c5 2. c3 Nf6 3. e5 Nd5 4. Nf3 Nc6 5. Bc4 Nb6 6. Bb3 d6 7. exd6 Qxd6 8. d4 cxd4 9. cxd4 Be6 10. O-O Bxb3 11. Qxb3 e6 12. Nc3 Be7 13. a4 O-O 14.
a5 Nd5 15. Ne4 Qc7 16. a6 bxa6 17. Rxa6 Ncb4 18. Ra1 Rab8 19. Qa4 a6 20. Bd2 Rfc8 21. Rfc1 Qd8 22. Ne5 f6 23. Nd7 Rxc1+ 24. Rxc1 Rc8 25. Ndc5 Qb6 26. Qd7 Qc6 27. Qxe6+ Qxe6 28. Nxe6 Rxc1+ 29. Bxc1 Nd3 30. Bd2 Nxb2 31. N6c5 Nc4 32. Be1 a5 33. Kf1 a4 34. Nxa4 f5 35. Nec5 Bf6 36. Nb3 Kf7 37. Ke2 Nf4+ 38. Kf3 Nd3 39. Bc3 g5 40. h3 h5 41. d5 g4+ 42. hxg4 hxg4+ 43. Ke2 Nf4+ 44. Kf1 Bxc3 45. Nxc3 Kf6 46. g3 Nd3 47. Nd4 Ke5 48. Nde2 Nd2+ 49. Kg2 Nb4 50. Nc1 Kd4 51. N3e2+ Kxd5 52.
Nf4+ Ke4 53. Nce2 Nc2 54. Nc3+ Kd4 55. Nce2+ Ke5 56. Nc3 Ne1+ 57. Kg1 Nef3+ 58. Kg2 Ne4 59. Nb5 Nd4 60. Nxd4 Kxd4 61. f3 Nf6 62. fxg4 fxg4 63. Ng6 Ke4 64. Ne7 Nd5 65. Nc6 Ne3+ 66. Kf2 Nc4 67. Kg2 Ke3 68. Ne7 Ke2 69. Ng8 Ne3+ 70. Kh2 Kf3 71. Nf6 Nf1+ 72. Kg1 Ne3 73. Nxg4 Nxg4 74.
Kh1 Ne5 75. g4 Kxg4 1/2-1/2

[Event "*** Titled Tuesday Blitz"]
[Site "Chess.com"]
[Date "2020.12.01"]
[Round "2"]
[White "Gloomy_Wanderer"]
[Black "Angel_Hranitel_37"]
[Result "1-0"]
[WhiteElo "2702"]
[BlackElo "2471"]
[TimeControl "180+1"]
[EndTime "10:19:33 PST"]
[Termination "Gloomy_Wanderer won by resignation"]

1. Nf3 Nf6 2. c4 e6 3. g3 d5 4. b3 Be7 5. Bg2 O-O 6. O-O a6 7. Bb2 b5 8. d3 Bb7 9. Qc2 Nbd7 10. Nbd2 c5 11. e3 Nb6 12. Rad1 Qc7 13. Ne5 dxc4 14.
bxc4 Bxg2 15. Kxg2 Rfd8 16. f4 bxc4 17. dxc4 Qb7+ 18.
Kg1 Rab8 19. Ba1 Bd6 20. Nef3 Ng4 21. h3 Nxe3 22. Qc3 Nf5 23. g4 Nd4 24. Nxd4 cxd4 25. Qxd4 Bf8 26. Qc3 Qc6 27. Qc2 Bc5+ 28. Kh2 Bd4 29.
Bxd4 Rxd4 30. Nb3 Rxc4 31. Qd3 Rc2+ 32. Rd2 Rc3 33. Qd8+ Qe8 34. Qd4 Rc4 35. Qe5 f6 36. Qd6 Nd5 37. f5 Rb6 38. Qg3 Rc3 39. Rd3 Rxd3 40.
Qxd3 Qb5 41. Qxb5 axb5 42. fxe6 Rxe6 43. Rf2 Nc3 44. Nd4 Re5 45. Rc2 b4 46. a3 Re4 47.
Nc6 Nd5 48. Rd2 bxa3 49. Rxd5 Re2+ 50. Kg3 a2 51. Ra5 h6 52. Nd4 Rd2 53. Nf5 h5 54. Ra7 g6 55. Ne7+ Kf7 56. Nd5+ Ke6 57. Nf4+ Ke5 58.
Nxg6+ Ke4 59. gxh5 Kf5 60. Ra5+ Ke6 61. h6 Rd3+ 62.
Kg4 Rd4+ 63. Nf4+ Kf7 64. Ra7+ Kg8 65. Kf5 a1=Q 66. Rxa1 Kh7 67. Ra6 Kxh6 68. Rxf6+ Kh7 69. h4 Ra4 70. Kg5 Ra5+ 71. Rf5 Ra1 72. Rf7+ Kh8 73. Rb7 Ra5+ 74. Kh6 Kg8 75. h5 Rb5 76. Rxb5 Kf7 77.
Rf5+ Kg8 78. Kg6 1-0

[Event "*** Titled Tuesday Blitz"]
[Site "Chess.com"]
[Date "2020.12.01"]
[Round "2"]
[White "Michaelson_11"]
[Black "MF1966Idrisov"]
[Result "1/2-1/2"]
[WhiteElo "2152"]
[BlackElo "2387"]
[TimeControl "180+1"]
[EndTime "10:19:36 PST"]
[Termination "Game drawn by repetition"]

1. e4 d5 2. exd5 Qxd5 3. Nc3 Qd6 4. d4 a6 5. Bc4 Nf6 6. Nge2 Bg4 7. f3 Bh5 8. Bf4 Qd7 9. Qd2 e6 10. h4 Bg6 11. g4 h6 12. O-O-O Nc6 13. Ng3 O-O-O 14. Nce2 Nd5 15. Bxd5 Qxd5 16. Kb1 Qxf3 17. g5 hxg5 18. hxg5 Rxh1 19. Rxh1 e5 20. Rf1 Qd5 21. Be3 exd4 22. Bf4 d3 23. cxd3 Qxd3+ 24. Qxd3 Bxd3+ 25. Kc1 Re8 26. Kd2 Bb5 27. a3 Bc5 28. Rc1 Bf2 29. Nc3 Rd8+ 30. Kc2 Nd4+ 31. Kb1 Bd3+ 32. Ka2 c6 33.
Nce4 Bxg3 34. Nxg3 Ne6 35. Be5 Rd5 36. Re1 Nxg5 37.
Bxg7 Bc4+ 38. Kb1 Rd2 39. Bc3 Bd3+ 40. Ka1 Rg2 41. Nh5 Nf3 42. Re8+ Kd7 43. Nf6+ Kd6 44.
Rd8+ Ke7 45. Rxd3 Ng5 46. Re3+ Kd6 47. Rd3+ Ke7 48. Re3+ Kd6 49. Ne4+ Nxe4 50. Rxe4 Rg1+ 51. Ka2 Rf1 52. Re8 f5 53. Kb3 f4 54. Kc2 b5 55.
Kd3 Rf3+ 56. Ke2 Rg3 57. Rf8 Rg4 58. Kf3 Rh4 59. Rxf4 Rh3+ 60. Ke2 Kd5 61. Rd4+ Kc5 62. Rg4 Rh2+ 63. Kd1 Kb6 64. Kc1 Re2 65. Rg6 a5 66. Kb1 a4 67. Ka2 Re4 68. Bb4 Rc4 69. Bc3 Kb7 70.
Rg7+ Kb6 71. Be5 c5 72. Rg6+ Kb7 73. Rg7+ Kc6 74. Rg6+ Kd5 75. Bc3 b4 76. Rg5+ Kc6 77. axb4 cxb4 78. Rg6+ Kb5 79. Rg5+ Kc6 80. Rg6+ Kb5 81.
Rg5+ Kc6 1/2-1/2

[Event "*** Titled Tuesday Blitz"]
[Site "Chess.com"]
[Date "2020.12.01"]
[Round "2"]
[White "ajkom197"]
[Black "vovachesss"]
[Result "1/2-1/2"]
[WhiteElo "2336"]
[BlackElo "2621"]
[TimeControl "180+1"]
[EndTime "10:19:38 PST"]
[Termination "Game drawn by repetition"]

1. d4 Nf6 2. Nf3 c6 3. Bg5 Ne4 4. Nbd2 Nxg5 5. Nxg5 e5 6. Ngf3 exd4 7. Nxd4 d5 8. e3 Be7 9. c4 O-O 10. cxd5 Qxd5 11. Qb3 Qa5 12. Bd3 Nd7 13. Qc2 g6 14. O-O Ne5 15. Nc4 Nxc4 16. Bxc4 Bf6 17. a3 Kg7 18. b4 Qe5 19. Rad1 Bd7 20. Nf3 Qe7 21. h3 Rfd8 22. Rd2 a5 23. Qb3 axb4 24. axb4 b5 25. Be2 Ra4 26. Rb1 Be6 27. Qd1 Rxd2 28. Qxd2 Bf5 29.
Rc1 Rxb4 30. Rxc6 Rb2 31. Qd1 Be4 32. Rc1 b4 33. Nd4 Ra2 34. Bf3 h5 35. Bxe4 Qxe4 36. Rb1 Rd2 37. Qxd2 Qxb1+ 38. Kh2 b3 39. Nxb3 Qxb3 40.
g3 Qe6 41. Kg2 Qe4+ 42. Kh2 Qf3 43. h4 Be5 44. Kg1 Qf5 45. Kg2 Qe6 46. Qd3 Bf6 47. Qe2 Qc6+ 48. Kg1 Qe6 49. Qf3 Be7 50. Qf4 Bf6 51.
Qf3 Qe5 52. Qc6 Qa1+ 53. Kg2 Qb2 54. Qd5 Bc3 55. Qe4 Be1 56. Qf3 Bd2 57. Qf4 Qc3 58. Qf3 Qc4 59. Qd1 Qd5+ 60. Kg1 Kf6 61. Qa1+ Ke6 62.
Qd1 Kf5 63. Qe2 Ke6 64. Qd1 Bc3 65. Qe2 Qd2 66. Qc4+ Kf6 67. Qf4+ Kg7 68. Kg2 Bb4 69.
Qf3 Bc5 70. Qf4 Qd5+ 71. Kg1 Qd6 72. Qf3 Kf8 73. Qe4 Qe6 74. Qd3 Bd6 75. Kg2 Be7 76.
Kg1 g5 77. hxg5 Bxg5 78. Qh7 Qg4 79. Qh8+ Ke7 80. Qe5+ Kd7 81. Qd5+ Ke8 82. Qe5+ Kd8 83. Qd5+ Kc7 84. Qc5+ Kd7 85. Qd5+ Ke7 86. Qe5+ Kf8 87.
Qh8+ Ke7 88. Qe5+ 1/2-1/2

[Event "*** Titled Tuesday Blitz"]
[Site "Chess.com"]
[Date "2020.12.01"]
[Round "2"]
[White "ZuchBolt"]
[Black "Dreamer_01"]
[Result "1-0"]
[WhiteElo "2208"]
[BlackElo "2389"]
[TimeControl "180+1"]
[EndTime "10:19:39 PST"]
[Termination "ZuchBolt won by resignation"]

1. e4 d6 2. d4 Nf6 3. Nc3 c6 4. Nf3 g6 5. Be3 Bg7 6. Qd2 Bg4 7. Be2 Nbd7 8. O-O-O Qc7 9. Rhe1 a6 10. h3 Bxf3 11.
Bxf3 O-O-O 12. g3 Kb8 13. Bg2 h5 14. f4 e5 15. fxe5 dxe5 16. d5 cxd5 17. exd5 Nb6 18.
d6 Rxd6 19. Qxd6 Qxd6 20. Rxd6 Nc4 21. Rd3 Nxe3 22. Rdxe3 Bh6 23. Kb1 Bxe3 24. Rxe3 Nd7 25. h4 f5 26. Rd3 Nb6 27. Rd6 Nc4 28. Rxg6 Ne3 29. Bh1 e4 30. Kc1 Ng4 31. b3 Rc8 32. Ne2 Ne3 33. c4 Rd8 34. Nc3 Rd3 35. Kb2 Rd2+ 36.
Ka3 Rh2 37. Bxe4 fxe4 38. Nxe4 Nc2+ 39. Ka4 Nd4 40. a3 Rb2 41. b4 Ra2 42. b5 axb5+ 43.
cxb5 Rb2 44. Nd6 Ne2 45. Rg7 b6 46. Rb7+ Ka8 47. Rc7 Nd4 48. Nc4 Ne6 49. Nxb6+ Kb8 50.
Rc6 Nc7 51. Nd7+ Kb7 52. Nc5+ Kb8 53. Rb6+ Ka8 54. Na6 Nd5 55. Rc6 Kb7 56. Nc5+ Kb8 57. Ka5 Ra2 58. a4 Nc3 59. Rb6+ Ka8 60. Ra6+ Kb8 61.
Rh6 Nd5 62. Rxh5 Ne3 63. Kb6 Nc4+ 64. Kc6 Na5+ 65. Kb6 Nc4+ 66. Kc6 Na5+ 67. Kd5 Rd2+ 68. Ke4 Nc4 69. Rd5 Nd6+ 70. Ke5 Nc4+ 71. Ke6 Re2+ 72.
Kf7 Ne5+ 73. Kg7 Ng4 74. Rg5 Re7+ 75. Kf8 Rc7 76. Na6+ Kb7 77. Nxc7 Nf6 78. h5 Nh7+ 79. Kg7 Nxg5 80. h6 Kxc7 81. h7 Ne6+ 82. Kf6 1-0

[Event "*** Titled Tuesday Blitz"]
[Site "Chess.com"]
[Date "2020.12.01"]
[Round "2"]
[White "Beca95"]
[Black "Lion-Al-Messi"]
[Result "0-1"]
[WhiteElo "2903"]
[BlackElo "2575"]
[TimeControl "180+1"]
[EndTime "10:19:41 PST"]
[Termination "Lion-Al-Messi won by resignation"]

1. e4 b6 2. c4 Bb7 3. Nc3 e5 4.
d3 Bc5 5. g3 c6 6. Bg2 Ne7 7.
Nge2 O-O 8. O-O d5 9. exd5 cxd5 10. d4 exd4 11. Nxd4 Qd7 12. Nb3 d4 13. Ne4 Bxe4 14.
Bxe4 Nbc6 15. Bf4 Rad8 16. Qh5 f5 17. Bd3 Ng6 18. Bg5 Rde8 19. Rad1 Nge5 20. Bf4 g6 21. Qe2 Kg7 22. Rfe1 Nxc4 23. Qc2 N4e5 24. Bb5 Nf3+ 25. Kf1 Nxe1 26. Rxe1 Rxe1+ 27. Kxe1 Re8+ 28. Kf1 Qe6 29. Bd3 Qe1+ 30. Kg2 Ne5 31. Bxe5+ Qxe5 32. Nd2 Qd5+ 33. Nf3 g5 34. Bxf5 Rf8 35. g4 h5 36. h3 hxg4 37.
hxg4 Rh8 38. Qd3 Qd6 39. a3 Qh6 40. Ng1 Qh2+ 41. Kf1 Re8 42. b4 Bd6 43. Qxd4+ Be5 44. Qd7+ Kf8 45. Bg6 Re7 46. Qd8+ Kg7 47. Qxe7+ Kxg6 48. Qe6+ Bf6 49. Nf3 Qf4 50. Qe2 Qc1+ 51. Kg2 Qxa3 52.
Qe4+ Kg7 53. Qb7+ Kg6 54. Qe4+ Kg7 55. Nd2 Qc3 56. Nf1 Qe5 57. Qb7+ Kg6 58. Ne3 Qf4 59. Qd5 Kg7 60. Qd7+ Kg6 61. b5 Qe4+ 62. Kg1 Qb1+ 63. Kg2 Qe4+ 64. Kf1 Qb1+ 65. Ke2 Qb2+ 66. Kf3 Qe5 67.
Qd3+ Kg7 68. Nf5+ Kf7 69. Qd7+ Kg6 70. Qb7 Qf4+ 71. Ke2 Qxg4+ 72. f3 Qxf5 73. Qc6 Qe5+ 74. Kf1 Qa1+ 75. Kg2 Qb2+ 76. Kh3 Qe5 77. Kg2 Qc5 78.
Qe8+ Kg7 79. Qd7+ Qe7 80. Qc6 Be5 81. Kh3 Bf4 82. Kg4 Qf7 83. Qc3+ Qf6 84. Qc4 Kg6 85. Qe4+ Kh6 86. Qd5 Qg6 87. Qc6 Qxc6 88. bxc6 a5 0-1

[Event "*** Titled Tuesday Blitz"]
[Site "Chess.com"]
[Date "2020.12.01"]
[Round "2"]
[White "LionTheLeon_06"]
[Black "StockholmMissile"]
[Result "1/2-1/2"]
[WhiteElo "2631"]
[BlackElo "2363"]
[TimeControl "180+1"]
[EndTime "10:19:46 PST"]
[Termination "Game drawn by stalemate"]

1. b3 e5 2. Bb2 Nc6 3. e3 Nf6 4. Bb5 e4 5. d3 a6 6. Bxc6 bxc6 7. dxe4 Nxe4 8. Nf3 Bb4+ 9. c3 Be7 10. O-O O-O 11. c4 Bf6 12. Qc2 Bxb2 13. Qxb2 Qf6 14.
Qxf6 Nxf6 15. Nc3 d6 16. c5 Bg4 17. Nd2 Rfd8 18. Nc4 a5 19. Rac1 Be6 20. Na4 Ne4 21.
f3 Bxc4 22. bxc4 Nxc5 23. Nxc5 dxc5 24. Rfd1 Kf8 25. Kf2 Ke7 26. Ke2 Rab8 27. Rxd8 Kxd8 28. Rc2 Rb1 29. g4 Rh1 30. Kd3 Rf1 31. Ke4 Rd1 32. Kf4 Ke7 33. h4 Kd7 34. h5 h6 35. e4 Ke6 36.
Rg2 Rc1 37. g5 Rxc4 38. gxh6 gxh6 39. Rg8 Kf6 40. Rc8 Ra4 41. Rxc7 Rxa2 42. Rxc6+ Kg7 43. Rxc5 a4 44. Ra5 a3 45. Kf5 Ra1 46. Kf4 a2 47.
Ra6 Rh1 48. Rxa2 Rxh5 49. Ra6 Rg5 50. e5 Rh5 51. Ra7 Rh4+ 52. Kf5 Rh5+ 53. Ke4 Kg6 54. f4 Rh1 55. Ra6+ Kg7 56. Kf5 Rh5+ 57. Kg4 Rh1 58. Ra7 Rg1+ 59. Kf5 Re1 60. Ra2 Re3 61. Rg2+ Kf8 62.
Kf6 Rf3 63. Rg4 Ra3 64. Rh4 Ra4 65. Kf5 Ra6 66. Rh1 Re6 67. Rg1 Rc6 68. Rg2 Re6 69. Rc2 Rg6 70. Rh2 Kg7 71. Rh1 Re6 72. Kg4 Rg6+ 73. Kf5 Re6 74. Ra1 Rg6 75. Ra7 Re6 76.
Rb7 Rg6 77. Ke4 h5 78. Rb3 h4 79. Rh3 Rh6 80. Kf5 Rh5+ 81. Kg4 Kg6 82. Rxh4 Rxh4+ 83. Kxh4 Kf5 84. Kg3 f6 85. exf6 Kxf6 86. Kg4 Kg6 87. Kf3 Kf5 88. Ke3 Kf6 89. Ke4 Ke6 90. f5+ Kf6 91. Kf4 Kf7 92. Kg4 Kf6 93. Kf4 Kf7 94. Kg5 Kg7 95. f6+ Kf7 96. Kf5 Kf8 97.
Kg6 Kg8 98. Kg5 Kf7 99. Kf5 Kf8 100. Ke6 Ke8 101. f7+ Kf8 102. Kf6 1/2-1/2

[Event "*** Titled Tuesday Blitz"]
[Site "Chess.com"]
[Date "2020.12.01"]
[Round "2"]
[White "AlexTriapishko"]
[Black "KonstantinB_1983"]
[Result "1-0"]
[WhiteElo "2808"]
[BlackElo "2516"]
[TimeControl "180+1"]
[EndTime "10:19:52 PST"]
[Termination "AlexTriapishko won on time"]

1. c4 c6 2. Nf3 d5 3. g3 Nf6 4.
Bg2 e6 5. O-O Nbd7 6. d4 dxc4 7.
Nfd2 Nb6 8. e3 Bd6 9. a4 a5 10. Na3 Bxa3 11. Rxa3 Qe7 12. Qc2 Qb4 13. Nf3 O-O 14.
Bd2 Qe7 15. Ne5 Nfd7 16. Nxc4 Nxc4 17. Qxc4 e5 18. Bc3 e4 19. d5 cxd5 20. Qxd5 Re8 21. Rd1 Nf6 22. Bxf6 Qxf6 23. Rc3 Bg4 24. Rd4 Rad8 25. Qb5 Bf3 26. h4 h6 27. Rc5 b6 28.
Rf5 Qe6 29. Bxf3 exf3 30. Rxf3 Rxd4 31. exd4 Qe1+ 32. Kg2 Qe4 33. Qf5 Qxf5 34. Rxf5 Re2 35. Rb5 Rd2 36. Rxb6 Rxd4 37. b3 Rd3 38. Rb5 Kf8 39. Kf1 Ke7 40. Ke2 Rc3 41. h5 Kf6 42. g4 Ke6 43. f4 Rg3 44. Kd2 Rxg4 45. Rxa5 Rxf4 46. Rb5 Rf1 47. a5 Ra1 48. b4 g5 49.
Rb6+ Kf5 50. Rxh6 g4 51. Rh7 Kf6 52. h6 g3 53. Rg7 g2 54. Kc3 g1=Q 55. Rxg1 Rxg1 56.
a6 Ra1 57. b5 Kg6 58. Kc4 f5 59. Kc5 f4 60. b6 f3 61. b7 f2 62. b8=Q f1=Q 63. Qd6+ Kh5 64. Qh2+ Kg6 65. Qd6+ Kh5 66. Qe5+ Kg4 67. Qe4+ Kg5 68. Qe5+ Qf5 69. Qxf5+ Kxf5 70. h7 Rxa6 71. h8=Q Re6 72. Qf8+ Ke5 73. Qf3 Rf6 74.
Qd5+ Kf4 75. Kd4 Rf5 76. Qe4+ Kg5 77. Ke3 Kf6 78. Qh4+ Ke6 79. Qh3 Ke5 80. Qh6 Rf6 81.
Qg7 Kf5 82. Kd4 Ke6 83. Qg4+ Kf7 84. Qg5 Ke6 85. Qe5+ Kf7 86. Kd5 1-0

[Event "*** Titled Tuesday Blitz"]
[Site "Chess.com"]
[Date "2020.12.01"]
[Round "2"]
[White "akanga001"]
[Black "serhanberat_ozdemir"]
[Result "0-1"]
[WhiteElo "1945"]
[BlackElo "2342"]
[TimeControl "180+1"]
[EndTime "10:20:08 PST"]
[Termination "serhanberat_ozdemir won on time"]

1. d4 Nf6 2. c4 g6 3. Nc3 Bg7 4. e4 d6 5. h3 O-O 6. Nf3 c5 7. d5 e6 8. Be2 exd5 9. cxd5 Re8 10. Nd2 a6 11. a4 Nbd7 12. O-O h6 13. Qc2 Nh7 14.
Nc4 Ne5 15. Bf4 Nxc4 16. Bxc4 Ng5 17. Rae1 Bxh3 18. Bxg5 Qxg5 19. f4 Qg3 20. Kh1 Bg4 21. Qf2 Qxf2 22. Rxf2 Bd4 23. Rd2 Re7 24. Bd3 Rae8 25.
Ne2 Bxe2 26. Rexe2 Kg7 27. b3 g5 28. fxg5 hxg5 29.
Kh2 Be5+ 30. g3 Kg6 31. Kh3 Bc3 32. Rc2 Be5 33. Kg4 Rh8 34. Rh2 Ree8 35. Rcf2 Rxh2 36. Rxh2 Rb8 37. a5 b6 38. Bxa6 bxa5 39. Bc4 Rb4 40. Ra2 Rb8 41. Rxa5 Rh8 42. Ra2 Rh1 43.
Rg2 Rd1 44. Rf2 Rd4 45. Re2 f5+ 46. Kf3 g4+ 47. Kg2 fxe4 48. Kf2 Rd1 49. Rxe4 Bd4+ 50. Ke2 Rc1 51. Rxg4+ Kf5 52. Rf4+ Ke5 53. Rh4 Rc2+ 54. Kd3 Rc3+ 55. Kd2 Rxg3 56. Rh5+ Ke4 57. Rh4+ Kf3 58. Rh5 Be5 59. Rf5+ Ke4 60. Rf7 Rg2+ 61. Ke1 Ke3 62. Kf1 Rh2 63. Kg1 Rb2 64. Rf1 Kd4 65. Kh1 Kc3 66. Rc1+ Kb4 67. Rg1 Rc2 68. Rg2 Rxc4 69.
bxc4 Kxc4 70. Rd2 Bd4 71. Kg2 Kxd5 72. Kf3 Ke5 73. Kg4 Ke4 74. Re2+ Kd3 75. Kf3 d5 76. Re6 c4 77. Rd6 c3 78. Rxd5 c2 79. Rd8 c1=Q 80.
Rc8 Qxc8 81. Kf4 Qf8+ 82. Kg4 Qg7+ 83. Kf5 Qf6+ 84. Kg4 Ke4 85. Kg3 Qg5+ 0-1

[Event "*** Titled Tuesday Blitz"]
[Site "Chess.com"]
[Date "2020.12.01"]
[Round "2"]
[White "RobertoJBM"]
[Black "WPWPWP-2015"]
[Result "0-1"]
[WhiteElo "2706"]
[BlackElo "2495"]
[TimeControl "180+1"]
[EndTime "10:20:12 PST"]
[Termination "WPWPWP-2015 won on time"]

1. d4 Nf6 2. c4 e6 3. Nc3 Bb4 4. Qc2 O-O 5. a3 Bxc3+ 6. Qxc3 d5 7. Bg5 dxc4 8. Qxc4 b6 9. Nf3 Ba6 10. Qa4 Qd7 11.
Qxd7 Nbxd7 12. e3 Bxf1 13. Rxf1 c5 14. Ke2 Ne4 15. Bh4 c4 16. Rac1 b5 17. Rfd1 Rfc8 18. Nd2 Nxd2 19. Rxd2 Nb6 20. e4 f6 21. g4 Kf7 22.
Bg3 Na4 23. Rdc2 Rd8 24. Ke3 Rd7 25. f3 Rad8 26. Rd1 Nc5 27. Be1 Nd3 28. Bc3 e5 29. d5 Nc5 30. Ba5 Rc8 31. h4 Nb3 32. Bc3 a5 33. f4 exf4+ 34. Kxf4 Re8 35. g5 Nc5 36. Re2 Nd3+ 37. Kf3 b4 38. axb4 axb4 39. Bd4 b3 40. gxf6 gxf6 41. Re3 Nb4 42. Rc3 Rc8 43.
Be3 Nc2 44. Rc1 f5 45. R1xc2 bxc2 46. Rxc2 fxe4+ 47. Kxe4 Re8+ 48. Kd4 Red8 49. Rxc4 Rxd5+ 50. Ke4 R5d7 51. Bg5 Re8+ 52. Kf5 Rb8 53. b4 Rb5+ 54. Kg4 Rdb7 55. Bd2 h5+ 56. Kf4 Ke6 57. Bc3 Rf7+ 58. Ke4 Rb6 59. Be5 Rf1 60. Bf4 Re1+ 61. Kf3 Rb5 62. Bg5 Kf5 63. Rf4+ Ke5 64. Rc4 Rb1 65. Bd2 Rb3+ 66. Ke2 Kd5 67. Rf4 Rb7 68. Rf5+ Kd4 69. Rxh5 Re7+ 70. Kd1 Rb2 71. Kc1 Ra2 72. Rc5 Rf7 73.
Bc3+ Kd3 74. Kb1 Rc2 75. Bb2 Rf1+ 76. Ka2 Re2 77. Kb3 Rb1 78. Rc3+ Ke4 79. Rc4+ Kd5 80. Rc5+ Kd6 81. Rc2 Re3+ 82. Kc4 Rh1 83. Bd4 Rxh4 84. Rd2 Kc7 85. Kc5 Rb3 86. b5 Rh5+ 87. Kc4 Rbxb5 88.
Re2 Kd7 89. Rf2 Ra5 90. Rf7+ Ke8 91. Rb7 Ra4+ 92. Kd3 Rh3+ 93. Ke4 Rh4+ 94. Ke5 Raxd4 0-1

[Event "*** Titled Tuesday Blitz"]
[Site "Chess.com"]
[Date "2020.12.01"]
[Round "2"]
[White "JustWatch000"]
[Black "TzoumpasAnastasis"]
[Result "1/2-1/2"]
[WhiteElo "2397"]
[BlackElo "2188"]
[TimeControl "180+1"]
[EndTime "10:20:40 PST"]
[Termination "Game drawn by stalemate"]

1. e4 c5 2. Nf3 d6 3. d4 cxd4 4.
Nxd4 Nf6 5. Nc3 a6 6. f3 e6 7. Be3 Be7 8. Qd2 b5 9. a3 Bb7 10. g4 Nc6 11. g5 Nd7 12. h4 Qc7 13. O-O-O Nxd4 14. Bxd4 e5 15. Be3 Nb6 16. Kb1 Nc4 17. Bxc4 Qxc4 18. b3 Qc8 19. h5 Qe6 20. g6 hxg6 21.
hxg6 O-O-O 22. Nd5 Bxd5 23. exd5 Qd7 24. Rxh8 Rxh8 25.
gxf7 Rf8 26. Qa5 Qb7 27. f4 exf4 28. Bxf4 Rxf7 29. Qb4 Qc7 30. Rd3 Kb8 31. Rc3 Rxf4 32. Rxc7 Rxb4 33. Rxe7 Rd4 34. Rxg7 Rxd5 35. Kb2 a5 36.
Kc3 Rc5+ 37. Kb2 Rc7 38. Rg5 Rc5 39. Rg6 Kc7 40. Rg7+ Kc6 41. Ra7 Kb6 42. Ra8 Rh5 43. Rb8+ Kc6 44. Rc8+ Kb6 45. Rg8 Rh2 46. Rg6 Kc5 47.
Rg5+ Kc6 48. Kc3 Rh3+ 49. Kb2 Rh2 50. Rg3 Rf2 51. Kc3 b4+ 52. axb4 axb4+ 53. Kd3 Kc5 54. Rg5+ d5 55. Rg8 Rf3+ 56. Ke2 Rh3 57. Rc8+ Kd4 58. Kd2 Rh2+ 59. Kc1 Rg2 60. Kb2 Rg4 61. Rf8 Ke3 62. Rd8 d4 63. Kc1 Rg1+ 64. Kb2 Rd1 65. Re8+ Kd2 66. Rb8 Rc1 67. Rxb4 Rxc2+ 68. Kb1 d3 69. Rb8 Rc7 70. Re8 Kd1 71. Kb2 d2 72. b4 Rc4 73.
Kb3 Kc1 74. Kxc4 d1=Q 75. Re3 Qg4+ 76. Kc5 Kc2 77. b5 Qg5+ 78. Kd4 Qxb5 79. Rc3+ Kd2 80. Rc4 Qb6+ 81. Rc5 Ke2 82. Kc4 Qa7 83. Rd5 Ke3 84. Rc5 Ke4 85. Kb5 Qb7+ 86. Kc4 Qb2 87. Rb5 Qa2+ 88. Kc5 Kd3 89. Kb6 Qc4 90. Ka5 Kc3 91.
Kb6 Qe6+ 92. Ka5 Kc4 93. Rb4+ Kc5 94. Rb5+ Kc4 95. Rb4+ Kc3 96. Rb5 Qa2+ 97. Kb6 Qa8 98. Ra5 Qd8+ 99. Kb5 Kd4 100. Ra6 Kd5 101. Rb6 Qd7+ 102. Ka6 Qc7 103. Rb5+ Kc6 104. Rc5+ Kxc5 1/2-1/2

[Event "*** Titled Tuesday Blitz"]
[Site "Chess.com"]
[Date "2020.12.01"]
[Round "3"]
[White "Zorbos"]
[Black "esapunov"]
[Result "0-1"]
[WhiteElo "2531"]
[BlackElo "2808"]
[TimeControl "180+1"]
[EndTime "10:22:36 PST"]
[Termination "esapunov won by resignation"]

1. e4 c5 2. Nf3 d6 3. d4 cxd4 4.
Nxd4 Nf6 5. Nc3 Nc6 6. Bg5 e6 7. Qd2 a6 8. O-O-O h6 9. Bh4 Nxe4 10.
Nxe4 Qxh4 11. f3 d5 12. Nxc6 bxc6 13. Ng3 Bd6 14. Bd3 Bf4 0-1

[Event "*** Titled Tuesday Blitz"]
[Site "Chess.com"]
[Date "2020.12.01"]
[Round "3"]
[White "ZuchBolt"]
[Black "yourstrulyme"]
[Result "0-1"]
[WhiteElo "2200"]
[BlackElo "2489"]
[TimeControl "180+1"]
[EndTime "10:22:56 PST"]
[Termination "yourstrulyme won by resignation"]

1. e4 c6 2. d4 d5 3. Nd2 dxe4 4. Nxe4 Nf6 5. Nxf6+ exf6 6. c3 Bd6 7. Bd3 O-O 8.
Qc2 Re8+ 9. Ne2 g6 10. Bd2 Nd7 11. O-O-O Nf8 12. h4 Be6 13. c4 b5 14. cxb5 cxb5 15. Kb1 Rc8 0-1

[Event "*** Titled Tuesday Blitz"]
[Site "Chess.com"]
[Date "2020.12.01"]
[Round "3"]
[White "ZEN-22"]
[Black "tigra"]
[Result "0-1"]
[WhiteElo "2440"]
[BlackElo "2774"]
[TimeControl "180+1"]
[EndTime "10:23:05 PST"]
[Termination "tigra won by resignation"]

1. e3 e6 2. d4 f5 3. g4 Nf6 4. gxf5 exf5 5. c4 c6 6. Nc3 d5 7. Nge2 Bd6 8. cxd5 cxd5 9. Qb3 O-O 10. Nxd5 Kh8 11.
Nxf6 Qxf6 12. Bg2 f4 13. Nxf4 Bxf4 14. exf4 Nc6 15. Be3 Nxd4 16. Qc3 Re8 17. O-O-O Ne2+ 18. Kc2 Nxc3 19. bxc3 Qg6+ 0-1

[Event "*** Titled Tuesday Blitz"]
[Site "Chess.com"]
[Date "2020.12.01"]
[Round "3"]
[White "bancsoo"]
[Black "parmupill123"]
[Result "1-0"]
[WhiteElo "2884"]
[BlackElo "2454"]
[TimeControl "180+1"]
[EndTime "10:23:08 PST"]
[Termination "bancsoo won by resignation"]

1. Nf3 Nf6 2. g3 e6 3. d4 d5 4. Bg2 Be7 5. O-O O-O 6. c4 c6 7. Nc3 b6 8. Ne5 Bb7 9. e4 dxe4 10. Nxe4 Nxe4 11. Bxe4 Bf6 12. Bf4 Qc8 13. Qh5 g6 14.
Qf3 Nd7 15. Nxc6 Bxc6 16. Bxc6 Bxd4 17. Bxa8 Qxa8 18. Qxa8 Rxa8 19. Rad1 e5 20. Be3 Bxe3 21. fxe3 Nc5 22. b4 Na6 23. Rd7 Rf8 24. a3 1-0

[Event "*** Titled Tuesday Blitz"]
[Site "Chess.com"]
[Date "2020.12.01"]
[Round "3"]
[White "Eliwood44"]
[Black "ferdipy"]
[Result "1-0"]
[WhiteElo "2471"]
[BlackElo "2140"]
[TimeControl "180+1"]
[EndTime "10:23:09 PST"]
[Termination "Eliwood44 won by resignation"]

1. d4 e5 2. dxe5 d6 3. e4 Nc6 4.
Nc3 dxe5 5. Qxd8+ Nxd8 6. Nf3 f6 7.
Be3 Be6 8. Nb5 c6 9. Nc7+ Kd7 10.
Nxa8 Kc8 11. Bxa7 Bd6 12. Nb6+ Kc7 13. Nc4 Be7 14. Bb6+ Kc8 15. Bxd8 Bxd8 16. O-O-O Bc7 17. Be2 Ne7 18. Kb1 Rd8 19. Rxd8+ Kxd8 20. Rd1+ Ke8 21. Ne3 Kf7 22. Bc4 Bxc4 23. Nxc4 1-0